AoeStats
← Keywar

Arabia

509133301Analyzed
1v1 RM · 5d ago on Sep 25, 2026· 63m 29s· 2 players
Game mode
Random Map
Map size
Tiny (2 player)
Population
200
Speed
Normal
Resources
Standard
Victory
Conquest
Starting age
Dark Age
Ending age
Imperial Age
RankedLock teamsTeams togetherTeam positionsShared explorationLock speedFull tech treeHidden civsTurbo modeCheats
Victory
Defeat
🇨🇱 Burgundians · Chile
729
+17
🇪🇸 Vietnamese · Spain
740
-31
sj
6:21 Wheelbarrow
8:09 Loom
9:17 Wheelbarrow
11:12 Feudal Age
13:04 Double-Bit Axe
13:07 Horse Collar
20:18 Castle Age
20:09 Bow Saw
20:15 Gold Mining
22:17 Husbandry
23:04 Hand Cart
22:18 Cavalier
23:37 Heavy Plow
23:48 Town Watch
25:10 Elite Skirmisher
27:11 Fletching
27:50 Scale Barding Armor
28:07 Stone Mining
29:12 Chain Barding Armor
29:12 Town Patrol
31:17 Forging
34:39 Imperial Age
32:07 Treadmill Crane
33:39 Gold Shaft Mining
33:17 Bodkin Arrow
34:23 Murder Holes
37:36 Chemistry
36:59 Conscription
37:29 Crop Rotation
37:39 Burgundian Vineyards
38:53 Ballistics
38:47 Bracer
43:28 Paladin
45:41 Stone Shaft Mining
45:39 Padded Archer Armor
46:52 Plate Barding Armor
47:40 Leather Archer Armor
48:43 Two-Man Saw
48:55 Hoardings
49:30 Iron Casting
Keywar
7:29 Loom
10:12 Feudal Age
11:22 Double-Bit Axe
21:01 Castle Age
19:20 Fletching
20:13 Horse Collar
21:46 Padded Archer Armor
22:45 Bodkin Arrow
24:23 Leather Archer Armor
23:57 Crossbowman
26:23 Bow Saw
29:26 Scale Mail Armor
31:07 Chain Mail Armor
31:13 Pikeman
31:54 Squires
35:33 Forging
36:17 Thumb Ring
42:38 Imperial Age
41:29 Iron Casting
41:39 Elite Skirmisher
42:46 Arbalester
45:21 Imperial Skirmisher
48:33 Bracer
50:07 Ring Archer Armor
52:56 Halberdier
55:17 Plate Mail Armor
56:22 Wheelbarrow
57:17 Elite Fire Lancer
60:43 Paper Money
Connection lost

Rejoining the realm…

Still unreachable

The connection could not be restored.

Session expired

The server has moved on; the page needs a fresh start.